 Dungeon Crawl Stone Soup version 0.30-a0-1043-g60ff8d5f49 (webtiles) character file.

Game seed: 2170996445386667521

13875 Newt the Nimble (level 11, -2/81 HPs)
             Began as a Demonspawn Gladiator on Apr 10, 2023.
             Was an Elder of Makhleb.
             Slain by a cyclops (29 damage)
             ... on level 11 of the Dungeon.
             The game lasted 00:17:03 (12379 turns).

Newt the Nimble (Demonspawn Gladiator)             Turns: 12379, Time: 00:17:03

Health: -2/81      AC:  8    Str: 18      XL:     11   Next: 81%
Magic:  14/21      EV: 15    Int: 21      God:    Makhleb [****..]
Gold:   574        SH:  0    Dex: 14 (15) Spells: 17/24 levels left

rFire   x . .      SeeInvis .    E - +2 dagger (venom)
rCold   + . .      Faith    .    (no shield)
rNeg    + . .      Spirit   .    G - +0 robe "Vuf Enei" {rN+ Int+5}
rPois   .          Reflect  .    c - +1 helmet
rElec   .          Rampage  .    (no cloak)
rCorr   .                        (no gloves)
Will    .....                    J - +0 pair of boots
Stlth   +                        M - amulet of the acrobat
HPRegen 0.33/turn                X - ring of ice
MPRegen 0.17/turn                y - +6 ring of intelligence

@: freezing walls, studying Axes
A: molten scales 2, demonic guardian 2, demonic magic 1, demonic touch 2
a: Renounce Religion, Minor Destruction, Lesser Servant of Makhleb, Major
Destruction


You were on level 11 of the Dungeon.
You worshipped Makhleb.
Makhleb was greatly pleased with you.
You visited 2 branches of the dungeon, and saw 13 of its levels.
You also visited: Sewer.

You collected 574 gold pieces.

Inventory:

Hand Weapons
 n - a +4 falchion of freezing
 E - a +2 dagger of venom (weapon)
 Q - a +0 short sword of electrocution
Missiles
 e - a javelin
 A - 4 boomerangs
 P - a throwing net
Armour
 b - a +0 leather armour
 c - a +1 helmet (worn)
 G - the +0 robe "Vuf Enei" (worn) {rN+ Int+5}
   (You found it on level 5 of the Dungeon)

   Int:       It affects your intelligence (+5).
   rN:        It protects you from negative energy.
 J - a +0 pair of boots (worn)
 T - +0 steam dragon scales
 Y - a +2 robe of resistance
Jewellery
 i - a ring of wizardry
 p - a +6 ring of strength
 r - a +4 ring of protection
 y - a +6 ring of intelligence (right hand)
 z - a ring of protection from cold
 C - a ring of magical power
 D - a +6 ring of strength
 F - a ring of wizardry
 M - an amulet of the acrobat (around neck)
 O - a ring of resist corrosion
 S - a ring of protection from cold
 V - a ring of flight
 X - a ring of ice (left hand)
Wands
 w - a wand of flame (74)
 I - a wand of iceblast (16)
 Z - a wand of paralysis (8)
Scrolls
 a - 2 scrolls of brand weapon
 d - a scroll of silence
 f - 2 scrolls of identify
 j - 2 scrolls of enchant weapon
 s - 3 scrolls of teleportation
 t - 2 scrolls of enchant armour
 v - 4 scrolls of poison
 H - 2 scrolls of torment
 R - 2 scrolls of amnesia
 W - 4 scrolls of magic mapping
Potions
 g - 4 potions of curing
 h - 2 potions of heal wounds
 k - a potion of might
 l - 2 potions of mutation {unknown}
 m - 3 potions of magic
 q - a potion of invisibility
 u - 2 potions of brilliance
 x - 3 potions of lignification
 B - a potion of resistance {unknown}
 L - 3 potions of flight {unknown}
 N - 2 potions of attraction {unknown}
 U - 2 potions of berserk rage {unknown}


   Skills:
 - Level 6.0 Fighting
 - Level 7.4(8.0) Short Blades
 - Level 4.2(6.3) Long Blades
 - Level 1.7 Throwing
 - Level 8.0 Dodging
 + Level 7.3 Spellcasting
 + Level 6.1 Conjurations
 + Level 7.3 Ice Magic
 - Level 5.0 Evocations


You had 17 spell levels left.
You knew the following spells:

 Your Spells              Type           Power      Damage    Failure   Level
a - Frozen Ramparts       Ice            100%       1d16      1%          3
b - Freeze                Ice            100%       1d10      1%          1
c - Hailstorm             Conj/Ice       52%        3d12      1%          3

Your spell library contained the following spells:

 Spells                   Type           Power      Damage    Failure   Level
 Shock                    Conj/Air       80%        1d8       2%          1
 Momentum Strike          Conj/Tloc      40%        3d9       3%          2
 Dazzling Flash           Conj/Hex       40%        N/A       7%          3
 Stone Arrow              Conj/Erth      40%        3d9       7%          3
 Blink                    Tloc           14%        N/A       13%         2
 Lesser Beckoning         Tloc           14%        N/A       13%         2
 Swiftness                Air            7%         N/A       26%         3
 Vhi's Electric Charge    Tloc/Air       14%        N/A       26%         3
 Arcjolt                  Conj/Air       10%        1d20      54%         5
 Airstrike                Air            3%         2d(1-17)  65%         4
 Animate Armour           Summ/Erth      14%        N/A       65%         4
 Agony                    Necr           7%         N/A       94%         5
 Blade Hands              Tmut           3%         N/A       94%         5
 Silence                  Hex/Air        3%         N/A       94%         5
 Summon Forest            Summ/Tloc      3%         N/A       94%         5
 Iron Shot                Conj/Erth      10%        9d3       98%         6
 Eringya's Noxious Bog    Tmut/Pois      3%         N/A       100%        6
 Plasma Beam              Fire/Air       3%         2x1d15    100%        6
 Summon Hydra             Summ           3%         N/A       100%        7
 Lehudib's Crystal Spear  Conj/Erth      10%        10d4      100%        8


Dungeon Overview and Level Annotations

Branches:
Dungeon (12/15)            Temple (1/1) D:5            Lair (0/5) D:11
    Orc (0/2) D:11          Sewer (visited)

Altars:
Ashenzari
Cheibriados
Dithmenos
Fedhas
Gozag
Hepliaklqana
Kikubaaqudgha
Makhleb
Nemelex Xobeh
Okawaru
Qazlal
Ru
Sif Muna
Trog
Uskayaw
Vehumet
Wu Jian
Xom
Yredelemnul

Shops:
D:5 (


Innate Abilities, Weirdness & Mutations

You are mostly covered in molten scales. (AC +3)
A demonic guardian rushes to your aid.
Spells you cast may paralyse adjacent enemies.
Your touch may inflict irresistible damage on your foes.


Message History

Makhleb accepts your kill.
You start resting.
Your ice devil disappears in a puff of smoke!
A cyclops is nearby!
A cyclops is nearby!
A cyclops is nearby!
A cyclops is nearby!
Casting: Freeze (safe; 1% risk of failure)
Confirm with . or Enter, or press ? or * to list all spells.
Casting: Frozen Ramparts (safe; 1% risk of failure)
Press: ? - help, Dir - look around, f - activate You feel a surge of power!
The walls around you are covered in ice.
Malevolent energies surge around you.
Unknown command.
Your frozen ramparts will break if you move.
Continue?
Okay, then.
Unknown command.
Casting: Frozen Ramparts (safe; 1% risk of failure)
Confirm with . or Enter, or press ? or * to list all spells.
Casting: Hailstorm (safe; 1% risk of failure)
Press: ? - help, Dir - look around, f - activate You feel a surge of power!
A cannonade of hail descends around you!
The hail pelts the cyclops!
The cyclops is almost dead.
Malevolent energies surge around you.
The wall freezes the cyclops.
Unknown command.
Unknown command.
Unknown command.
Unknown command.
Unknown command.
Aiming: Freeze (safe; 1% risk of failure)
Press: ? - help, Q - select action, (/) - cycle Shift-Dir - straight line, f - cyclops
Aim: a cyclops, quivering large rocks (almost dead)
You feel a surge of power!
You freeze the cyclops.
The cyclops is almost dead.
Malevolent energies surge around you.
The wall freezes the cyclops.
The cyclops hits you!!
You die...

......# #..
........# .. ..
####..#
#####.####### ...
### ####..# #.#
#'# #. ##....# #.#
#.# ## ##.##.# #.#
#C##### # ##.##.#
#. ##...... .
......# ##.#
##...## # ##.####
#...##
##.....##### ...#
#@# #..).4....##
####
#C#####.##..###.##
#.......###..c...4
#...########
######## ####


You could see a cyclops.

Vanquished Creatures
  Snorg (D:11)
  Erica (D:9)
  A two-headed ogre (D:8)
  2 cyclopes (D:11)
  A kobold demonologist (D:9)
  An ice devil (D:11)
  A hornet (D:11)
  A troll (D:10)
  5 slime creatures (D:11)
  A shadow (D:10)
  14 yaks
  4 wyverns
  2 steam dragons
  2 vampire mosquitoes (D:10)
  A neqoxec (D:11)
  4 water moccasins
  An acid dragon (D:10)
  An ice beast (D:6)
  A sky beast (D:7)
  4 black bears
  3 orc warriors
  9 centaurs
  2 wolves (D:11)
  An ogre (D:5)
  4 phantoms
  A kobold brigand (D:7)
  4 bullfrogs
  A scorpion (D:4)
  9 wights
  12 killer bees
  6 quasits (D:11)
  3 hounds (D:6)
  5 jellies
  7 orc priests
  2 iguanas
  10 orc wizards
  6 river rats (Sewer)
  10 adders
  A shadow imp (D:5)
  2 white imps
  4 worms
  3 dart slugs
  34 orcs
  2 bats
  6 endoplasms
  3 giant cockroaches
  6 goblins
  8 hobgoblins
  8 jackals
  2 quokkas
  10 ball pythons
  8 frilled lizards
  12 kobolds
  9 rats
262 creatures vanquished.

Vanquished Creatures (collateral kills)
  2 wyverns (D:11)
  A vampire mosquito (D:10)
  2 water moccasins (D:11)
  A sky beast (D:7)
  A wolf (D:11)
  2 centaurs (D:11)
  An iguana (D:11)
10 creatures vanquished.

Vanquished Creatures (others)
  5 demonic plants (D:11)
  4 fungi (D:11)
  20 plants
29 creatures vanquished.

Grand Total: 301 creatures vanquished

Notes
Turn   | Place    | Note
-------+----------+-------------------------------------------
     0 | D:1      | Newt the Demonspawn Gladiator began the quest for the Orb.
     0 | D:1      | Reached XP level 1. HP: 16/16 MP: 1/1
   275 | D:1      | Gained mutation: You are partially covered in molten
                  | scales. (AC +2) [demonic ancestry]
   275 | D:1      | Reached XP level 2. HP: 15/23 MP: 2/2
   760 | D:1      | Gained mutation: Your touch may inflict minor irresistible
                  | damage on your foes. [demonic ancestry]
   760 | D:1      | Reached XP level 3. HP: 29/29 MP: 3/3
  1895 | D:3      | Noticed a phantom
  1916 | D:3      | Killed a phantom
  1917 | D:3      | Gained mutation: You are mostly covered in molten scales.
                  | (AC +3) [demonic ancestry]
  1917 | D:3      | Reached XP level 4. HP: 17/37 MP: 4/4
  1950 | D:3      | Reached XP level 5. HP: 26/42 MP: 5/5
  2176 | D:3      | Reached skill level 3 in Dodging
  2284 | D:3      | Found a faded altar of an unknown god.
  2710 | D:3      | Found an ornate altar of the Wu Jian Council.
  2823 | D:4      | Reached skill level 4 in Dodging
  2823 | D:4      | Gained mutation: Your touch may inflict irresistible damage
                  | on your foes. [demonic ancestry]
  2823 | D:4      | Reached XP level 6. HP: 49/49 MP: 6/6
  2871 | D:4      | Found a glowing drain.
  2899 | Sewer    | Entered a sewer
  3061 | Sewer    | Reached skill level 5 in Fighting
  3812 | D:4      | Reached skill level 1 in Evocations
  3812 | D:4      | Reached XP level 7. HP: 41/58 MP: 7/7
  3925 | D:4      | Found a stormy altar of Qazlal.
  4204 | D:5      | Entered Level 5 of the Dungeon
  4427 | D:5      | Found Anink's Weapon Shop.
  4682 | D:5      | Found a staircase to the Ecumenical Temple.
  4689 | D:5      | Identified the +0 mace "Zeokheol" {venom, rN+}
  4694 | D:5      | Identified the +0 robe "Vuf Enei" {rN+ Int+5}
  4711 | Temple   | Entered the Ecumenical Temple
  4751 | Temple   | Became a worshipper of Makhleb the Destroyer
  4927 | D:5      | Reached skill level 5 in Evocations
  4927 | D:5      | Reached skill level 1 in Long Blades
  5504 | D:5      | Gained mutation: Spells you cast may paralyse adjacent
                  | enemies. [demonic ancestry]
  5504 | D:5      | Reached XP level 8. HP: 58/64 MP: 8/8
  5539 | D:5      | Found an opulent altar of Gozag.
  5542 | D:5      | Found a blossoming altar of Fedhas.
  5547 | D:5      | Found a snail-covered altar of Cheibriados.
  5677 | D:6      | Learned a level 3 spell: Frozen Ramparts
  5832 | D:6      | Reached skill level 1 in Spellcasting
  5832 | D:6      | Reached skill level 1 in Ice Magic
  6447 | D:6      | Gained mutation: A weak demonic guardian rushes to your
                  | aid. [demonic ancestry]
  6447 | D:6      | Reached XP level 9. HP: 69/69 MP: 14/14
  6860 | D:7      | Reached * piety under Makhleb
  7208 | D:7      | Learned a level 1 spell: Freeze
  7377 | D:7      | Reached skill level 5 in Short Blades
  7507 | D:7      | Identified the +0 flail of Valour {pain, Drain rC+ rCorr}
  8080 | D:8      | Reached ** piety under Makhleb
  8134 | D:8      | Noticed a two-headed ogre
  8141 | D:8      | Killed a two-headed ogre
  8142 | D:8      | Gained mutation: A demonic guardian rushes to your aid.
                  | [demonic ancestry]
  8142 | D:8      | Reached XP level 10. HP: 42/76 MP: 11/16
  8468 | D:8      | Reached skill level 5 in Dodging
  8919 | D:9      | Noticed Erica
  8928 | D:9      | Killed Erica
  8929 | D:9      | Reached skill level 6 in Dodging
  9471 | D:9      | Reached skill level 7 in Dodging
  9760 | D:9      | Learned a level 3 spell: Hailstorm
  9786 | D:9      | Reached skill level 8 in Dodging
 10095 | D:10     | Entered Level 10 of the Dungeon
 10099 | D:10     | Reached skill level 1 in Conjurations
 10173 | D:10     | Found a shadowy altar of Dithmenos.
 10225 | D:10     | Reached skill level 5 in Spellcasting
 10225 | D:10     | Reached skill level 5 in Ice Magic
 10591 | D:10     | Reached XP level 11. HP: 50/81 MP: 9/19
 11223 | D:11     | Reached *** piety under Makhleb
 11256 | D:12     | Noticed a two-headed ogre
 11269 | D:11     | Paralysed by a hornet for 3 turns
 11706 | D:11     | Found a staircase to the Orcish Mines.
 11709 | D:11     | Noticed Snorg
 11728 | D:11     | Reached skill level 5 in Conjurations
 11735 | D:11     | Killed Snorg
 12065 | D:11     | Reached **** piety under Makhleb
 12291 | D:11     | Found a staircase to the Lair.
 12379 | D:11     | Slain by a cyclops

Illustrated notes

Levels and vault maps discovered:
D:1:      dpeg_arrival_signposts, layout_basic, due_unseen_surprise
D:2:      layout_loops_ring, minmay_tetromino_i2
D:3:      layout_basic, mainiacjoe_overflow_alcove_2,
          hellmonk_ecumenical_altar_pennies_from_heaven
D:4:      layout_loops_ring, chequers_temple_overflow_statue_of_worship,
          cheibrodos_sewer_entry_drain
D:5:      layout_cave_pods, grunt_temple_overflow_diamond,
          minmay_temple_entry_statues_fountains, serial_shops,
          nicolae_shop_behind_doors
D:6:      layout_basic, dreamdust_wishing_well, skrybe_limestone_x
D:7:      layout_basic
D:8:      layout_gridville
D:9:      layout_basic, uniq_erica
D:10:     layout_long_grid, nicolae_dithmenos_through_a_glass_darkly
D:11:     layout_loops_corners, minmay_lair_entry_grove, orc_david_3,
          serial_demonic, serial_demonic_g, serial_demonic_a, serial_demonic_g,
          serial_demonic_f, uniq_snorg
D:12:     layout_basic, chequers_serial_rivers_micro_c
Temple:   hellmonk_temple_of_storms

Skill      XL: |  1  2  3  4  5  6  7  8  9 10 11 |
---------------+----------------------------------+-----
Fighting       | 3 4 6 |  6.0
Short Blades   | 4 7 |  7.4
Dodging        | 4 8 |  8.0
Evocations     | 1 5 |  5.0
Long Blades    | 2 4 |  4.2
Spellcasting   | 3 4 5 7 |  7.3
Ice Magic      | 3 4 5 7 |  7.3
Conjurations   | 3 6 |  6.1
Throwing       | |  1.7

Action                     |  1- 3 |  4- 6 |  7- 9 | 10-12 || total
---------------------------+-------+-------+-------+-------++-------
  Melee: Rapier            |   111 |       |       |       ||   111
         Punch             |     1 |     3 |     2 |     2 ||     8
         Dagger            |    27 |   193 |   192 |   206 ||   618
         Touch             |    10 |    38 |    53 |    42 ||   143
         Hand axe          |       |       |    44 |       ||    44
  Throw: Javelin           |       |     1 |       |       ||     1
         Throwing net      |       |     1 |     2 |       ||     3
   Cast: Frozen Ramparts   |       |       |     6 |    13 ||    19
         Freeze            |       |       |    13 |    68 ||    81
         Hailstorm         |       |       |       |     2 ||     2
    Use: Scroll            |     6 |     3 |     8 |     5 ||    22
         Potion            |       |     1 |     1 |     2 ||     4
   Stab: Sleeping          |       |     1 |       |       ||     1
         Paralysed         |       |       |    13 |    38 ||    51
 Armour: Leather armour    |    54 |    66 |    56 |       ||   176
         Robe              |       |       |    46 |    50 ||    96
  Dodge: Dodged            |    74 |   112 |   170 |   191 ||   547

Table legend: (Time is in decaauts)
 A = Elapsed time spent in this place.
 B = Non-inter-level travel time spent in this place.
 C = Inter-level travel time spent in this place.
 D = Time resting spent in this place.
 E = Time spent auto-exploring this place.
 F = Levels seen in this place.
 G = Mean time per level.
                   A        B        C        D        E       F      G
               +--------+--------+--------+--------+--------+-----+--------+
         Total |  12373 |  12047 |    326 |   2841 |   7360 |  14 |  883.8 |
       Dungeon |  11615 |  11294 |    321 |   2841 |   6789 |  12 |  967.9 |
        Temple |     45 |     40 |      5 |      0 |     22 |   1 |   45.0 |
         Sewer |    712 |    712 |      0 |      0 |    549 |   1 |  712.0 |
               +--------+--------+--------+--------+--------+-----+--------+

Top non-repeatable levels by time:
     D:5: 1355 daAuts
     D:9: 1322 daAuts
    D:11: 1242 daAuts
     D:1: 1206 daAuts
     D:6: 1158 daAuts
     D:7: 1010 daAuts
    D:10: 982 daAuts
     D:8: 944 daAuts
     D:3: 908 daAuts
     D:4: 805 daAuts
   Sewer: 712 daAuts
     D:2: 675 daAuts
  Temple: 45 daAuts
    D:12: 3 daAuts
